 Dungeon Crawl Stone Soup version 0.26-a0-64-g059e62f (webtiles) character file.

Game seed: 13136609245483692796

5290 Faca the Fighter (level 10, 0/122 HPs)
             Began as an Ogre Fighter on June 10, 2020.
             Was a Priest of Okawaru.
             Slain by a yak (9 damage)
             ... on level 8 of the Dungeon.
             The game lasted 00:15:47 (11478 turns).

Faca the Fighter (Ogre Fighter)                    Turns: 11478, Time: 00:15:48

Health: 0/122      AC:  7    Str: 25    XL:     10   Next: 63%
Magic:  10/10      EV:  8    Int:  9    God:    Okawaru [***...]
Gold:   413        SH:  9    Dex:  8    Spells: 9/9 levels left

rFire    . . .     SeeInvis .   a - +1 trident
rCold    . . .     Gourm    .   c - +1 kite shield
rNeg     . . .     Faith    .   E - +0 steam dragon scales
rPois    .         Spirit   .   (helmet restricted)
rElec    .         Reflect  .   s - +0 cloak
rCorr    .         Harm     .   (gloves unavailable)
MR       +....                  (boots unavailable)
Stlth    ..........             (no amulet)
HPRegen  0.30/turn              p - ring of attention
MPRegen  0.12/turn              (no ring)

@: no status effects
A: large, unfitting armour, tough skin 1
a: Heroism, Renounce Religion


You were on level 8 of the Dungeon.
You worshipped Okawaru.
Okawaru was most pleased with you.
You were not hungry.

You visited 2 branches of the dungeon, and saw 10 of its levels.

You collected 413 gold pieces.

Inventory:

Hand Weapons
 a - a +1 trident (weapon)
Missiles
 q - 30 poisoned darts (quivered)
 z - 8 javelins
Armour
 c - a +1 kite shield (worn)
 s - a +0 cloak (worn)
 E - +0 steam dragon scales (worn)
Jewellery
 p - a ring of attention (left hand)
Wands
 i - a wand of flame (32)
 t - a wand of polymorph (5)
 u - a wand of random effects (17)
 D - a wand of enslavement (11)
Scrolls
 b - a scroll of enchant armour
 e - 6 scrolls of teleportation
 j - a scroll of fog
 n - a scroll of blinking
 w - a scroll of immolation
 y - a scroll of fear
 F - a scroll of enchant weapon
Potions
 d - 3 potions of might
 g - 2 potions of haste
 h - 2 potions of stabbing {unknown}
 k - a potion of heal wounds
 l - 4 potions of curing
 m - a potion of brilliance {unknown}
 o - a potion of flight {unknown}
 r - 2 potions of mutation
 v - a potion of berserk rage
 x - 4 potions of lignification {unknown}
 A - a potion of invisibility {unknown}
 B - a potion of ambrosia {unknown}
 G - 2 potions of degeneration {unknown}
Comestibles
 f - 21 rations
 C - 3 chunks of flesh


   Skills:
 + Level 14.1 Fighting
 + Level 11.0 Polearms
 - Level 2.6 Dodging
 - Level 2.6 Shields


You had 9 spell levels left.
You didn't know any spells.
Your spell library was empty.

Dungeon Overview and Level Annotations

Branches:
Dungeon (9/15)             Temple (1/1) D:5            Lair (0/6) D:8
    Orc: D:9-12

Altars:
Ashenzari
Cheibriados
Elyvilon
Gozag
Kikubaaqudgha
Makhleb
Nemelex Xobeh
Okawaru
Sif Muna
Trog
Uskayaw
Vehumet
Xom

Shops:
D:9 ?


Innate Abilities, Weirdness & Mutations

You are too large for most types of armour.
You have tough skin. (AC +1)


Message History

There is a stone staircase leading down, spattered with blood here.
You completely miss the yak. You block the yak's attack. The yak gores you!
You hit the yak.
The yak is lightly wounded.
The yak gores you. x2; You block the yak's attack.
You hit the yak.
The yak is lightly wounded.
The yak gores you! x2
* * * LOW HITPOINT WARNING * * *
The yak gores you.
* * * LOW HITPOINT WARNING * * *
The yak gores you but does no damage.
You puncture the yak!
The yak is severely wounded.
The yak gores you but does no damage. The yak gores you.
* * * LOW HITPOINT WARNING * * *
The yak gores you!
* * * LOW HITPOINT WARNING * * *
The yak gores you!
You die...

#.#.#....#.######......#...)
##.#.#......# ###.#.....#.#
#..#......### ##...#.###....
#.######### #.####...#.#.#
#.# ###.#........... #.#
##.#.#.#.#.......
#.###########..#.#.###.......
#รท.........YY.##.#.#
#....... #..#.#.#.#.Y@###.#.#
#....... #..........Y## #.#.#
######## #..#.#.#.#..####.#.#
#### #..............#.#.#
#... #..#.#.#.#..##...#.#
#... #...........####.#.#
#.._ #..#.#.#.#..# #...# #...
#..........## ##### #...
#....####### ####


You could see 4 yaks.

Vanquished Creatures
  Harold (D:8)
  Pikel (D:4)
  Maggie (D:8)
  A hornet (D:8)
  A hippogriff (D:9)
  2 yaks (D:8)
  A sky beast (D:9)
  2 ice beasts
  An orc warrior (D:8)
  3 phantoms
  3 necrophages
  2 ogres (D:8)
  2 centaurs
  A big kobold (D:8)
  A bullfrog (D:8)
  A gnoll sergeant (D:8)
  A water moccasin zombie (D:6)
  A scorpion (D:7)
  4 killer bees (D:8)
  3 electric eels (D:4)
  5 howler monkeys
  5 crimson imps
  A centaur zombie (D:8)
  2 orc priests
  A bullfrog zombie (D:5)
  A gnoll shaman (Temple)
  4 orc wizards
  A centaur skeleton (D:9)
  4 hounds
  2 iguanas
  7 worker ants
  A killer bee zombie (D:8)
  2 howler monkey skeletons
  15 adders
  11 gnolls
  4 shadow imps
  A white imp (D:8)
  An ooze (D:5)
  An adder skeleton (D:4)
  3 worms
  2 dart slugs (D:3)
  2 leopard geckos
  27 orcs
  4 bats
  4 giant cockroaches
  5 goblins
  6 hobgoblins
  9 jackals
  7 kobolds
  6 quokkas
  7 frilled lizards
  A jackal skeleton (D:6)
  A quokka skeleton (D:9)
  12 rats
198 creatures vanquished.

Vanquished Creatures (others)
  A worm (D:4)
  A quokka (D:4)
2 creatures vanquished.

Grand Total: 200 creatures vanquished

Notes
Turn   | Place    | Note
-------+----------+-------------------------------------------
     0 | D:1      | Faca the Ogre Fighter began the quest for the Orb.
     0 | D:1      | Reached XP level 1. HP: 24/24 MP: 1/1
   271 | D:1      | Reached XP level 2. HP: 33/33 MP: 2/2
   495 | D:1      | Found a shattered altar of Ashenzari.
   566 | D:2      | Found a snail-covered altar of Cheibriados.
   658 | D:2      | Noticed a crimson imp
   694 | D:2      | Killed a crimson imp
   694 | D:2      | Reached skill level 5 in Fighting
   694 | D:2      | Reached XP level 3. HP: 33/42 MP: 3/3
   954 | D:2      | Reached XP level 4. HP: 50/50 MP: 4/4
  1512 | D:2      | Found a shimmering altar of Xom.
  1850 | D:3      | Reached XP level 5. HP: 59/59 MP: 5/5
  1880 | D:3      | Reached skill level 6 in Fighting
  2355 | D:3      | Found a white marble altar of Elyvilon.
  3059 | D:4      | Reached XP level 6. HP: 36/68 MP: 6/6
  3127 | D:4      | Reached skill level 7 in Fighting
  3346 | D:4      | Found an opulent altar of Gozag.
  3347 | D:4      | Found a sparkling altar of Nemelex Xobeh.
  3476 | D:4      | Noticed a phantom
  3489 | D:4      | Killed a phantom
  3489 | D:4      | Reached skill level 5 in Polearms
  3574 | D:4      | Reached XP level 7. HP: 70/79 MP: 7/7
  3695 | D:4      | Reached skill level 8 in Fighting
  3844 | D:4      | Found a transporter.
  3859 | D:4      | Found a transporter.
  3881 | D:4      | Noticed Pikel
  3901 | D:4      | Killed Pikel
  3901 | D:4      | Reached skill level 9 in Fighting
  3901 | D:4      | Reached XP level 8. HP: 50/92 MP: 8/8
  4651 | D:5      | Entered Level 5 of the Dungeon
  4901 | D:5      | Reached skill level 10 in Fighting
  5638 | D:5      | Found a staircase to the Ecumenical Temple.
  5648 | Temple   | Entered the Ecumenical Temple
  5743 | Temple   | Became a worshipper of Warmaster Okawaru
  6044 | D:5      | Noticed a moth of wrath
  6231 | D:5      | Found a radiant altar of Vehumet.
  6232 | D:5      | Found a burning altar of Makhleb.
  6386 | D:5      | Found a bloodstained altar of Trog.
  6436 | D:6      | Reached XP level 9. HP: 52/102 MP: 9/9
  6696 | D:6      | Reached skill level 11 in Fighting
  6777 | D:6      | Found an ancient bone altar of Kikubaaqudgha.
  6882 | D:6      | Found a hide-covered altar of Uskayaw.
  8877 | D:8      | Noticed Maggie
  8900 | D:8      | Killed Maggie
  8900 | D:8      | Reached * piety under Okawaru
  8900 | D:8      | Reached skill level 12 in Fighting
  9793 | D:8      | Found a shimmering blue altar of Sif Muna.
  9832 | D:8      | Noticed Harold
  9866 | D:8      | Killed Harold
  9866 | D:8      | Reached ** piety under Okawaru
  9866 | D:8      | Reached skill level 13 in Fighting
  9866 | D:8      | Reached skill level 10 in Polearms
  9866 | D:8      | Reached XP level 10. HP: 59/119 MP: 10/10
 10092 | D:8      | Found a staircase to the Lair.
 10635 | D:8      | HP: 6/120 [poisoned by a killer bee]
 10641 | D:8      | HP: 4/120 [poisoned by a killer bee]
 10647 | D:8      | HP: 3/120 [poisoned by a killer bee]
 10655 | D:8      | HP: 3/120 [poisoned by a killer bee]
 10663 | D:8      | HP: 3/120 [poisoned by a killer bee]
 11088 | D:9      | Reached *** piety under Okawaru
 11231 | D:9      | Found Haneuv's Magic Scroll Boutique.
 11314 | D:8      | Reached skill level 14 in Fighting
 11478 | D:8      | Slain by a yak

Illustrated notes

Levels and vault maps discovered:
D:1:      saegor_arrival_simple_c, layout_rooms, ashenzari_altar_1
D:2:      layout_basic, cheibriados_altar_1, nicolae_overflow_crystal_walls,
          minmay_misc_feat_chi
D:3:      layout_loops_corners, elyvilon_altar_1
D:4:      gammafunk_steamed_eel, layout_basic, grunt_temple_overflow_opulence,
          gup_sewer_entry_glass, hangedman_feature_mirror, uniq_pikel
D:5:      layout_cave_pods, grunt_temple_overflow_lords_of_destruction,
          minmay_temple_entry_slanted, first_ration, tgw_trog
D:6:      layout_loops_ring, lemuel_doored_altar, basic_altar, serial_rivers,
          chequers_serial_rivers_large_b, chequers_serial_rivers_micro_b,
          chequers_serial_rivers_small_3, chequers_serial_rivers_micro_d,
          chequers_serial_rivers_small_b, chequers_serial_rivers_room_a
D:7:      layout_rooms
D:8:      layout_rooms, kennysheep_little_box, lair_entry_dummy,
          serial_co_window_serial, co_window_corner_a, co_window_paths_b,
          co_window_corner_a, co_window_paths_b, co_window_of_opportunity_a,
          co_window_paths_a, co_window_corner_a, co_window_unsneaky_path_b,
          co_window_of_opportunity_c, co_window_unsneaky_path_c,
          co_window_corner_b, glass_columns_c, glass_columns_a, glass_columns_a,
          blue_anna_alchemist [blue_anna_fruit_fields, blue_anna_fruit_fields],
          minmay_fire_ice_demons, uniq_harold, uniq_maggie
D:9:      layout_cave_pools, serial_shops, nicolae_shop_behind_doors,
          ebering_ghost_gozag
Temple:   nicolae_temple_figure_eight

Skill      XL: |  1  2  3  4  5  6  7  8  9 10 |
---------------+-------------------------------+-----
Fighting       | 5 6 7 9 10 13 14 | 14.1
Polearms       | 3 4 5 6 8 10 11 | 11.0
Dodging        | |  2.6
Shields        | |  2.6

Action                   |  1- 3 |  4- 6 |  7- 9 | 10-12 || total
-------------------------+-------+-------+-------+-------++-------
Melee: Trident           |    84 |   246 |   450 |   158 ||   938
Throw: Dart              |       |       |     4 |       ||     4
Invok: Heroism           |       |       |       |     1 ||     1
Evoke: Wand              |       |       |     6 |       ||     6
  Use: Scroll            |     6 |     4 |     5 |       ||    15
       Potion            |       |     1 |     3 |       ||     4
  Eat: Chunk             |       |     9 |    17 |     2 ||    28
       Ration            |       |       |     1 |     1 ||     2
Armor: Robe              |    11 |    56 |    45 |       ||   112
       Steam dragon scal |       |       |     9 |    48 ||    57
Dodge: Dodged            |    16 |    84 |    99 |    43 ||   242
Block: Kite shield       |    21 |   101 |   171 |    61 ||   354

Table legend:
 A = Non-vault XP
 B = Vault XP
 C = Vault XP percentage of total XP
 D = Non-vault monster count
 E = Vault monster count
 F = Vault count percentage of total count
                 A         B        C        D         E       F
            +---------+---------+-------+---------+---------+-------
      Total |    5113 |    2445 |  32.3 |     179 |      19 |   9.6
            +---------+---------+-------+---------+---------+-------
        D:1 |      21 |       0 |   0.0 |      12 |       0 |   0.0
        D:2 |     130 |       0 |   0.0 |      23 |       0 |   0.0
        D:3 |      91 |       0 |   0.0 |      22 |       0 |   0.0
        D:4 |     464 |     847 |  64.6 |      20 |       8 |  28.6
        D:5 |     603 |      55 |   8.4 |      23 |       6 |  20.7
        D:6 |     468 |       0 |   0.0 |      22 |       0 |   0.0
        D:7 |     392 |       0 |   0.0 |       9 |       0 |   0.0
        D:8 |    2176 |    1543 |  41.5 |      39 |       5 |  11.4
        D:9 |     711 |       0 |   0.0 |       7 |       0 |   0.0
     Temple |      57 |       0 |   0.0 |       2 |       0 |   0.0
            +---------+---------+-------+---------+---------+-------
